 Dungeon Crawl Stone Soup version 0.31-b1-22-gc680215f68 (webtiles) character file.

Game seed: 14568305407717358219

53 dragon4000 the Trooper (level 3, 0/33 HPs)
             Began as a Draconian Chaos Knight on Jan 18, 2024.
             Was a Plaything of Xom.
             Slain by a goblin
             ... wielding a +0 dagger
             ... led by Robin
              (2 damage)
             ... on level 3 of the Dungeon.
             The game lasted 00:13:11 (920 turns).

dragon4000 the Trooper (Draconian Chaos Knight)      Turns: 920, Time: 00:13:12

Health: 0/33       AC:  8    Str: 16    XL:     3   Next: 64%
Magic:  3/3        EV: 12    Int: 12    God:    Xom [..*...]
Gold:   48         SH:  0    Dex: 10    Spells: 2/2 levels left

rFire   . . .        a - +0 falchion (chaos)
rCold   . . .        (no shield)
rNeg    . . .        (body armour unavailable)
rPois   .            (helmet restricted)
rElec   .            (no cloak)
rCorr   .            c - +2 pair of gloves
SInv    .            (no boots)
Will    .....        (no amulet)
Stlth   +            (no ring)
HPRegen 0.25/turn    (no ring)
MPRegen 0.08/turn

%: no passive effects
@: brilliant
A: AC +5, unfitting armour, cold-blooded
a: Renounce Religion


You were on level 3 of the Dungeon.
You worshipped Xom.
You were a toy of Xom.
You visited 1 branch of the dungeon, and saw 3 of its levels.

You collected 48 gold pieces.

Inventory:

Hand Weapons
 a - a +0 falchion of chaos (weapon)
 d - a +0 short sword
 j - a +0 flail
Missiles
 i - a throwing net (quivered)
Armour
 c - a +2 pair of gloves (worn)
 h - a +0 robe
Scrolls
 b - a scroll of vulnerability {unknown}
 f - a scroll of revelation {unknown}
 g - 2 scrolls of identify {unknown}
Potions
 e - 2 potions of attraction {unknown}


   Skills:
 + Level 4.1 Fighting
 + Level 3.6 Long Blades
 + Level 2.4 Dodging
 + Level 0.6 Stealth


You had 2 spell levels left.
You didn't know any spells.
Your spell library contained the following spells:

 Spells                   Type           Power      Damage    Failure   Level
 Necrotise                Necr           0%         1d4       32%         1
 Vampiric Draining        Necr           0%         2d6       69%         3
 Martyr's Knell           Necr/Summ      0%         N/A       97%         4
 Curse of Agony           Necr           0%         N/A       100%        5


Dungeon Overview and Level Annotations

Branches:
Dungeon (3/15)

Altars:
Okawaru

Annotations:
D:3 Robin


Innate Abilities, Weirdness & Mutations

Your plain brown scales are hard. (AC +5)
You cannot fit into any form of body armour.
You are cold-blooded and may be slowed by cold attacks.


Message History

* * * LOW HITPOINT WARNING * * *
The hobgoblin misses you. The goblin hits you with a +0 dagger.
* * * LOW HITPOINT WARNING * * *
"Go forth and cause havoc, mortal!"
You feel much better. The goblin misses you. The goblin barely misses you.
The hobgoblin barely misses you. The goblin hits you but does no damage.
The goblin hits you with a +0 dagger. The goblin closely misses you.
Robin roars a battlecry!
The hobgoblin barely misses you. The goblin hits you but does no damage.
The goblin hits you but does no damage.
A hobgoblin comes into view.
The goblin barely misses you. The hobgoblin closely misses you.
The goblin hits you but does no damage. The bat hits you but does no damage.
A goblin comes into view. It is wielding a +0 club.
The goblin completely misses you. x2; The hobgoblin closely misses you.
The goblin hits you but does no damage.
A goblin comes into view. It is wielding a +0 club.
The goblin hits you but does no damage. x2; The hobgoblin closely misses you.
Robin throws the goblin at you! The goblin hits you but does no damage.
You slash the hobgoblin!
You kill the hobgoblin!
You feel a little less mighty now. The goblin hits you but does no damage.
The goblin barely misses you. The goblin hits you but does no damage.
The goblin misses you.
You slash the hobgoblin!
Lightning courses through the hobgoblin!
You kill the hobgoblin!
The goblin hits you with a +0 club. x2; The goblin hits you with a +0 dagger.
The goblin hits you but does no damage.
You hit Robin but do no damage.
Robin is poisoned.
The goblin hits you with a +0 club. x2
* * * LOW HITPOINT WARNING * * *
The goblin hits you but does no damage. Robin closely misses you.
The goblin closely misses you.
You miss the goblin. The goblin hits you but does no damage.
The goblin hits you with a +0 club.
* * * LOW HITPOINT WARNING * * *
The goblin hits you with a +0 dagger.
You die...

#.# #.. ..
#.# .g# #.#
.g #....
#g#.#
#g#g###.#
###@gg....#
#.ggg..####
#.#b#......
#.#.#..####
........#
.#
.#..#.###
.# ....#. #
#. #


You could see Robin (very poisoned), a hobgoblin (strong), 6 goblins and a bat.

Vanquished Creatures
  3 gnolls (D:2)
  An adder (D:2)
  2 ball pythons
  2 bats (D:2)
  3 endoplasms
  4 giant cockroaches
  5 goblins
  7 hobgoblins
  2 quokkas (D:1)
  A frilled lizard (D:1)
  4 kobolds
  2 rats
36 creatures vanquished.

Notes
Turn   | Place    | Note
-------+----------+-------------------------------------------
     0 | D:1      | dragon4000 the Draconian Chaos Knight began the quest for
                  | the Orb.
     0 | D:1      | Reached XP level 1. HP: 19/19 MP: 1/1
   243 | D:2      | Found a faded altar of an unknown god.
   304 | D:1      | Reached XP level 2. HP: 27/27 MP: 2/2
   528 | D:1      | XOM: silly message
   531 | D:1      | XOM: divination: magic mapping
   774 | D:1      | Reached skill level 4 in Fighting
   859 | D:2      | Found an iron altar of Okawaru.
   863 | D:2      | Reached XP level 3. HP: 16/33 MP: 3/3
   882 | D:3      | XOM: silly message
   906 | D:3      | Noticed Robin
   912 | D:3      | XOM: potion effect (heal wounds)
   920 | D:3      | Slain by a goblin

Illustrated notes

Levels and vault maps discovered:
D:1:      dpeg_arrival_castle, layout_basic, minmay_misc_feat_roman
D:2:      layout_basic, hellmonk_ecumenical_altar_leap_of_faith, basic_altar
D:3:      layout_loops_cross, minitemple, uniq_grinder, uniq_robin

Skill      XL: |  1  2 |
---------------+-------+-----
Fighting       | 4 |  4.1
Long Blades    | |  3.6
Dodging        | |  2.4
Stealth        | |  0.6

Action                     || total
---------------------------++-------
  Melee: Falchion          ||   101
         Tailslap          ||    10
    Use: Scroll            ||     1
         Potion            ||     3
   Stab: Sleeping          ||     6
 Armour: Skin              ||    99
  Dodge: Dodged            ||    86
